 Dungeon Sprint DCSS version 0.29.1-15-g9cfb28693d (webtiles) character file.

Game seed: 2726233978942640177

2032 Groucho the Fighter (level 9, -9/90 HPs)
             Began as a Minotaur Fighter on Mar 4, 2023.
             Was a Priest of Cheibriados.
             Mangled by a manticore (20 damage)
             ... in the Dungeon (Sprint IX: "|||||||||||||||||||||||||||||").
             The game lasted 00:02:51 (548 turns).

Groucho the Fighter (Minotaur Fighter)               Turns: 548, Time: 00:02:51

Health: -9/90      AC: 13    Str: 29    XL:     9   Next: 3%
Magic:  13/14      EV: 12    Int: 12    God:    Cheibriados [***...]
Gold:   0          SH:  8    Dex: 20    Spells: 8/8 levels left

rFire   . . .      SeeInvis .   l - +2 scimitar (holy)
rCold   . . .      Faith    .   c - +0 buckler
rNeg    . . .      Spirit   .   m - +1 scale mail
rPois   .          Reflect  .   (helmet restricted)
rElec   .          Harm     .   a - +0 cloak
rCorr   .          Rampage  .   (no gloves)
Will    .....      NoTele   +   (no boots)
Stlth   ..........              (no amulet)
HPRegen 0.25/turn               b - +2 ring of protection
MPRegen 0.14/turn               n - +2 ring of evasion

@: very slow
A: horns 2, retaliatory headbutt
a: Renounce Religion, Bend Time, Temporal Distortion


You were in the Dungeon.
You worshipped Cheibriados.
Cheibriados was most pleased with you.
You visited 1 branch

Inventory:

Hand Weapons
 l - a +2 scimitar of holy wrath (weapon)
Armour
 a - a +0 cloak (worn)
 c - a +0 buckler (worn)
 m - a +1 scale mail (worn)
Jewellery
 b - a +2 ring of protection (left hand)
 n - a +2 ring of evasion (right hand)
Wands
 k - a wand of iceblast (10)
Scrolls
 i - 2 scrolls of amnesia
 j - 2 scrolls of blinking
Potions
 d - a potion of might
 e - 3 potions of curing
 h - 4 potions of magic


   Skills:
 + Level 11.7 Fighting
 + Level 11.3 Long Blades
 + Level 11.5 Armour
 + Level 11.5 Shields
 * Level 8.9 Invocations


You had 8 spell levels left.
You didn't know any spells.
Your spell library was empty.

Dungeon Overview and Level Annotations

Branches:
Dungeon (1/1)

Altars:
Cheibriados
Dithmenos
Elyvilon
Fedhas
Gozag
Hepliaklqana
Kikubaaqudgha
Makhleb
Nemelex Xobeh
Okawaru
Qazlal
Ru
Sif Muna
Trog
Uskayaw
Vehumet
Wu Jian
Xom
Yredelemnul
Zin
The Shining One
Jiyva
Lugonu


Innate Abilities, Weirdness & Mutations

You have a pair of horns on your head.
You reflexively headbutt those who attack you in melee.


Message History

Cheibriados appreciates the change of pace.
Cheibriados raises the support of your attributes as your movement slows.
You have reached level 9!
Your experience leads to an increase in your attributes!
Your base attributes are Str 22, Int 5, Dex 11.
Increase (S)trength, (I)ntelligence, or (D)exterity?
You feel agile. x2
Unknown command.
Unknown command.
Unknown command.
You hit the manticore.
The manticore is lightly wounded.
The manticore bites you but does no damage.
The manticore closely misses you. You block the manticore's attack.
You slash the manticore!
The manticore is moderately wounded.
Unknown command.
You slash the manticore!
The manticore is heavily wounded.
The manticore bites you!
* * * LOW HITPOINT WARNING * * *
You block the manticore's attack. The manticore barely misses you.
Unknown command.
Unknown command.
You slash the manticore!
The manticore is almost dead.
The manticore bites you.
* * * LOW HITPOINT WARNING * * *
You block the manticore's attack. x2
Unknown command.
Unknown command.
You barely miss the manticore. You headbutt the manticore.
The manticore is almost dead.
The manticore closely misses you. The manticore barely misses you.
The manticore claws you.
* * * LOW HITPOINT WARNING * * *
Unknown command.
Unknown command.
You feel better. The manticore bites you!!
You die...

▓+▓
▓.▓
▓.▓
▓.▓
▓y▓
▓H▓
▓@▓
▓†▓
▓.▓
▓.▓
▓.▓
▓.▓
▓.▓
▓.▓
▓)▓


You could see a manticore and a vampire mosquito.

Vanquished Creatures
  A centaur warrior (D)
  A cyclops (D)
  An ugly thing (D)
  A shadow (D)
  A wraith (D)
  3 yaks (D)
  An ogre (D)
  A phantom (D)
  A wight (D)
  A gnoll bouda (D)
  An adder (D)
  A dart slug (D)
  2 ball pythons (D)
  2 bats (D)
  A quokka (D)
19 creatures vanquished.

Vanquished Creatures (others)
  A hydra (D)
1 creature vanquished.

Grand Total: 20 creatures vanquished

Notes
Turn   | Place    | Note
-------+----------+-------------------------------------------
     0 | D        | Groucho the Minotaur Fighter began the quest for the Orb.
     0 | D        | Reached XP level 1. HP: 19/19 MP: 0/0
    35 | D        | Noticed a phantom
    35 | D        | Noticed an ogre
    35 | D        | Noticed a gnoll bouda
    40 | D        | Reached XP level 2. HP: 25/28 MP: 1/1
    57 | D        | Reached skill level 5 in Fighting
    57 | D        | Reached skill level 5 in Armour
    57 | D        | Reached skill level 5 in Shields
    57 | D        | Reached XP level 3. HP: 16/36 MP: 2/2
    59 | D        | Killed an ogre
    60 | D        | Reached XP level 4. HP: 20/45 MP: 3/3
    65 | D        | Killed a phantom
    66 | D        | Reached XP level 5. HP: 19/53 MP: 4/4
    69 | D        | Found a snail-covered altar of Cheibriados.
    69 | D        | Found a shadowy altar of Dithmenos.
    69 | D        | Found a white marble altar of Elyvilon.
    69 | D        | Found a blossoming altar of Fedhas.
    69 | D        | Found an opulent altar of Gozag.
    70 | D        | Found a hazy altar of Hepliaklqana.
    71 | D        | Found a viscous altar of Jiyva.
    72 | D        | Found an ancient bone altar of Kikubaaqudgha.
    73 | D        | Became a worshipper of Cheibriados the Contemplative
    74 | D        | Found a corrupted altar of Lugonu.
    75 | D        | Found a burning altar of Makhleb.
    76 | D        | Found a sparkling altar of Nemelex Xobeh.
    77 | D        | Found an iron altar of Okawaru.
    78 | D        | Found a stormy altar of Qazlal.
    79 | D        | Found a sacrificial altar of Ru.
    80 | D        | Found a shimmering blue altar of Sif Muna.
    81 | D        | Found a bloodstained altar of Trog.
    82 | D        | Found a hide-covered altar of Uskayaw.
    83 | D        | Found a radiant altar of Vehumet.
    84 | D        | Found an ornate altar of the Wu Jian Council.
    85 | D        | Found a shimmering altar of Xom.
    86 | D        | Found a basalt altar of Yredelemnul.
    87 | D        | Found a glowing silver altar of Zin.
    88 | D        | Found a glowing golden altar of the Shining One.
   137 | D        | Noticed a yak
   137 | D        | Noticed a shadow
   137 | D        | Noticed a yak
   137 | D        | Noticed a wraith
   137 | D        | Noticed a yak
   157 | D        | Killed a yak
   158 | D        | Reached XP level 6. HP: 44/62 MP: 5/5
   161 | D        | Killed a wraith
   161 | D        | Reached * piety under Cheibriados
   166 | D        | Reached XP level 7. HP: 48/70 MP: 5/8
   171 | D        | Killed a yak
   173 | D        | Killed a shadow
   173 | D        | Reached ** piety under Cheibriados
   174 | D        | Reached skill level 10 in Fighting
   174 | D        | Reached skill level 10 in Long Blades
   174 | D        | Reached skill level 10 in Armour
   174 | D        | Reached skill level 10 in Shields
   174 | D        | Reached skill level 5 in Invocations
   180 | D        | Killed a yak
   181 | D        | Reached XP level 8. HP: 47/80 MP: 7/11
   520 | D        | Noticed a manticore
   520 | D        | Noticed a cyclops
   520 | D        | Noticed a white ugly thing
   520 | D        | Noticed a centaur warrior
   520 | D        | Noticed a four-headed hydra
   529 | D        | Killed an eight-headed hydra
   534 | D        | Killed a centaur warrior
   538 | D        | Killed a white ugly thing
   538 | D        | Reached *** piety under Cheibriados
   542 | D        | Killed a cyclops
   543 | D        | Reached XP level 9. HP: 27/90 MP: 12/14
   548 | D        | Mangled by a manticore

Illustrated notes

Levels and vault maps discovered:
D:        linesprint [early_d, line_temple, items_1, d_10, items_2, lair_1,
          lair_end, items_3, orc_1, orc_end, items_4, d_15, swamp_1, shoals_1,
          snake_1, spider_1, d_20, vaults_1, items_5, swamp_end, shoals_end,
          snake_end, spider_end, vaults_end, d_27, items_6, zot_1, zot_end,
          crypt_end, forest_end, elf_end, slime_end, tomb_end, abyss_end,
          pan_hell_end]

Skill      XL: |  1  2  3  4  5  6  7  8 |
---------------+-------------------------+-----
Fighting       | 4 5 6 7 8 9 10 11 | 11.7
Long Blades    | 3 4 6 7 8 9 10 11 | 11.3
Armour         | 4 5 6 7 8 9 10 11 | 11.5
Shields        | 4 5 6 7 8 9 10 11 | 11.5
Invocations    | 3 6 8 |  8.9

Action                   |  1- 3 |  4- 6 |  7- 9 || total
-------------------------+-------+-------+-------++-------
Melee: Long sword        |    27 |     5 |       ||    32
       Headbutt          |     4 |     7 |     8 ||    19
       Scimitar          |       |    27 |    36 ||    63
  Use: Potion            |     2 |     1 |     5 ||     8
 Stab: Invisible         |       |       |     2 ||     2
Armor: Scale mail        |     6 |     7 |    17 ||    30
Dodge: Dodged            |     5 |     7 |    26 ||    38
Block: Buckler           |     6 |     7 |    16 ||    29
